 Dungeon Crawl Stone Soup version 0.31-a0-960-g0fca184906 (webtiles) character file.

Game seed: 829629230279061390

33918 sammy202020 the Fighter (level 13, -3/78 HPs)
             Began as a Gargoyle Berserker on Oct 24, 2023.
             Was a High Priest of Trog.
             Slain by a slime creature (9 damage)
             ... on level 14 of the Dungeon.
             The game lasted 00:30:00 (14377 turns).

sammy202020 the Fighter (Gargoyle Berserker)       Turns: 14377, Time: 00:30:01

Health: -3/78      AC: 33    Str: 22    XL:     13   Next: 74%
Magic:  0/13       EV:  8    Int: 13    God:    Trog [*****.]
Gold:   765        SH: 11    Dex: 11    Spells: 12/12 levels left

rFire   . . .        a - +5 flail (freeze)
rCold   . . .        A - +0 kite shield
rNeg    + . .        K - +0 plate armour
rPois   ∞            s - +1 helmet {Int+3}
rElec   +            C - +0 cloak
rCorr   +            o - +2 pair of gloves
SInv    .            (no boots)
Will    ++++.        c - amulet of guardian spirit Stlth
                     n - ring of willpower
HPRegen 1.33/turn    u - ring of resist corrosion
MPRegen 0.13/turn

%: guardian spirit
@: strong-willed, regenerating
A: sickness immunity, AC +9, negative energy resistance 1, electricity
resistance, torment resistance 1, petrification resistance, frail 1,
strong-willed 1
a: Renounce Religion, Berserk, Trog's Hand, Brothers in Arms


You were on level 14 of the Dungeon.
You worshipped Trog.
Trog was extremely pleased with you.
You visited 1 branch of the dungeon, and saw 14 of its levels.

You collected 880 gold pieces.
You spent 115 gold pieces at shops.

Inventory:

Hand Weapons
 a - a +5 flail of freezing (weapon)
 Q - a +4 scimitar of flaming
Missiles
 v - 2 throwing nets
Armour
 o - a +2 pair of gloves (worn)
 s - a +1 helmet of intelligence (worn)
 A - a +0 kite shield (worn)
 C - a +0 cloak (worn)
 E - a +0 hat
 K - a +0 plate armour (worn)
Jewellery
 c - an amulet of guardian spirit (around neck)
 j - a +5 ring of evasion
 k - a +6 ring of intelligence
 n - a ring of willpower (left hand)
 r - a +6 ring of strength
 u - a ring of resist corrosion (right hand)
 w - a ring of magical power
 y - a +4 ring of protection
 J - an amulet of faith
Wands
 e - a wand of flame (57)
 B - a wand of paralysis (16)
 F - a wand of acid (1)
 H - a wand of roots (3)
 L - a wand of polymorph (2)
Scrolls
 b - 10 scrolls of teleportation
 l - 3 scrolls of immolation
 m - 4 scrolls of noise
 t - 4 scrolls of fear
 M - 3 scrolls of revelation
 N - a scroll of blinking
 O - a scroll of silence
 P - 2 scrolls of identify
 S - a scroll of fog
 T - a scroll of acquirement {unknown}
Potions
 d - 3 potions of brilliance
 f - 3 potions of lignification
 g - a potion of haste
 h - a potion of invisibility
 i - 6 potions of curing
 p - 3 potions of degeneration
 q - 5 potions of attraction
 x - a potion of might
 z - a potion of cancellation
 D - 2 potions of enlightenment
 G - a potion of ambrosia {unknown}
 I - a potion of magic {unknown}
 R - 2 potions of heal wounds


   Skills:
 * Level 12.9 Fighting
 + Level 1.6 Long Blades
 * Level 11.8 Maces & Flails
 * Level 12.6 Armour
 + Level 7.1 Dodging
 * Level 10.2 Shields


You had 12 spell levels left.
You didn't know any spells.
Your spell library was empty.

Dungeon Overview and Level Annotations

Branches:
Dungeon (14/15)            Temple (0/1) D:4            Lair (0/5) D:11
    Orc (0/2) D:9          Vaults (0/5) D:13

Altars:
Ashenzari
Qazlal
Vehumet
Xom
Yredelemnul
Zin

Shops:
D:3 *![(   D:6 (   D:12 *   D:14 !

Annotations:
D:12 exclusion: obsidian statue


Innate Abilities, Weirdness & Mutations

You are immune to sickness and miasma.
Your stone body is resilient. (AC +9)
You are immune to poison.
You resist negative energy. (rN+)
You are resistant to electric shocks. (rElec)
You are resistant to unholy torment.
You are immune to petrification.
You are frail. (-10% HP)
You are strong-willed. (Will+)


Message History

You block the stone arrow. You block the slime creature's attack.
You hit the gargoyle but do no damage.
The gargoyle is heavily damaged.
The large slime creature hits you! You block the gargoyle's attack.
The slime creature hits you but does no damage.
You barely miss the gargoyle.
The gargoyle is heavily damaged.
The large slime creature hits you!!
* * * LOW HITPOINT WARNING * * *
You block the gargoyle's attack. The slime creature barely misses you.
You are too injured to fight recklessly!
You are too injured to fight recklessly!
You are too injured to fight recklessly!
You are too injured to fight recklessly!
You are too injured to fight recklessly!
You are too injured to fight recklessly!
You are too injured to fight recklessly!
You are too injured to fight recklessly!
You are too injured to fight recklessly!
You are too injured to fight recklessly!
You are too injured to fight recklessly!
You are too injured to fight recklessly!
You are too injured to fight recklessly!
You are too injured to fight recklessly!
You are too injured to fight recklessly!
You are too injured to fight recklessly!
You are too injured to fight recklessly!
You are too injured to fight recklessly!
You are too injured to fight recklessly!
You are too injured to fight recklessly!
You are too injured to fight recklessly!
Unknown command.
The gargoyle hurls a stone arrow at you.
The stone arrow hits you but does no damage.
Your skin crawls.
You feel strong-willed. The large slime creature hits you!!
* * * LOW HITPOINT WARNING * * *
The slime creature hits you!
You die...

...# ....... (.#
.>.... #.# ....# ....
##.♣.## .# .#
###..$..### # ....
###....<....# #..##..
####............
..##..#
#..+.♣J..###...♣
#.#..#######.##.@J###
#..
....#.........##'## .
...##..........'..#
..###....%.....#..#
....#..........##.+
..#.#..........# ##
..# #..........# ..#
+..........# ..#
#..........#


You could see a large slime creature and a slime creature.

Vanquished Creatures
  Gastronok (D:8)
  Azrael (D:13)
  Josephine (D:11)
  2 hydras (D:13)
  A vault guard (D:13)
  Erica (D:10)
  2 boulder beetles
  An ironbound frostheart (D:13)
  3 centaur warriors (D:13)
  4 two-headed ogres
  Amaemon (D:11)
  Pikel (D:9)
  2 cyclopes
  8 ugly things
  4 manticores
  Joseph (D:10)
  An orange demon (D:11)
  A gargoyle (D:10)
  A kobold demonologist (D:13)
  5 komodo dragons
  An efreet (D:13)
  2 trolls
  A hornet (D:10)
  Grinder (D:6)
  3 slime creatures (D:13)
  27 yaks
  6 wraiths
  4 humans (D:13)
  A wyvern (D:11)
  Eustachio (D:6)
  3 basilisks
  A fire elemental (D:13)
  Grum (D:11)
  5 vampire mosquitoes
  2 acid dragons
  4 hell hounds (D:13)
  4 orc warriors
  A swamp drake (D:11)
  3 sky beasts
  An ice beast (D:7)
  3 black bears
  4 wolves (D:11)
  2 ogres (D:5)
  17 centaurs
  A phantom (D:6)
  3 kobold brigands
  2 bullfrogs (D:8)
  A gnoll sergeant (D:7)
  2 scorpions
  5 wights (D:5)
  8 howler monkeys
  2 hounds
  2 jellies
  An orc priest (D:3)
  2 gnoll boudas
  7 iguanas
  3 sleepcaps (D:6)
  6 orc wizards
  14 gnolls
  7 adders
  5 dart slugs
  46 orcs
  7 endoplasms
  4 giant cockroaches
  11 goblins
  7 hobgoblins
  4 quokkas
  9 ball pythons
  5 bats
  4 frilled lizards
  21 kobolds
  9 rats
338 creatures vanquished.

Vanquished Creatures (collateral kills)
  2 vampire mosquitoes (D:10)
  An orc warrior (D:10)
  A gnoll sergeant (D:10)
  2 gnolls (D:10)
6 creatures vanquished.

Grand Total: 344 creatures vanquished

Notes
Turn   | Place    | Note
-------+----------+-------------------------------------------
     0 | D:1      | sammy202020 the Gargoyle Berserker began the quest for the
                  | Orb.
     0 | D:1      | Reached XP level 1. HP: 14/14 MP: 1/1
    42 | D:1      | Reached XP level 2. HP: 17/19 MP: 2/2
   178 | D:1      | Reached ** piety under Trog
   211 | D:1      | Reached XP level 3. HP: 24/24 MP: 3/3
  1123 | D:2      | Reached XP level 4. HP: 19/29 MP: 4/4
  1469 | D:2      | You fall into a shaft and drop 2 floors!
  1470 | D:4      | Found a staircase to the Ecumenical Temple.
  1517 | D:4      | Reached XP level 5. HP: 34/34 MP: 5/5
  1525 | D:4      | Reached *** piety under Trog
  1544 | D:4      | Reached XP level 6. HP: 7/39 MP: 6/6
  2027 | D:3      | Reached skill level 5 in Fighting
  2249 | D:3      | Found Loinyus's Armour Shop.
  2274 | D:3      | Bought a +1 pair of gloves for 115 gold pieces
  2376 | D:3      | Found Yqomiar's Assorted Antiques.
  2464 | D:3      | Found Nurulod's Antique Weapon Shoppe.
  2530 | D:3      | Found Kent's Distillery.
  2898 | D:4      | Noticed a black bear
  2914 | D:4      | Killed a black bear
  3108 | D:4      | Reached XP level 7. HP: 38/44 MP: 7/7
  3511 | D:4      | Found a basalt altar of Yredelemnul.
  3515 | D:4      | Found a radiant altar of Vehumet.
  3516 | D:4      | Found a shimmering altar of Xom.
  3517 | D:4      | Found a glowing silver altar of Zin.
  3598 | D:5      | Entered Level 5 of the Dungeon
  3642 | D:5      | Reached skill level 5 in Maces & Flails
  3656 | D:5      | Reached **** piety under Trog
  3721 | D:5      | Reached skill level 5 in Armour
  3852 | D:5      | Reached XP level 8. HP: 51/51 MP: 8/8
  4871 | D:6      | Noticed Grinder
  4885 | D:6      | Paralysed by Grinder for 5 turns
  4890 | D:6      | Killed Grinder
  4891 | D:6      | Reached XP level 9. HP: 43/57 MP: 9/9
  4943 | D:6      | Found Joih's Weapon Emporium.
  5055 | D:6      | Found a stormy altar of Qazlal.
  5254 | D:6      | Noticed Eustachio
  5262 | D:6      | Killed Eustachio
  5892 | D:7      | Reached skill level 1 in Shields
  6777 | D:8      | Noticed a two-headed ogre
  6787 | D:8      | Killed a two-headed ogre
  6788 | D:8      | Reached XP level 10. HP: 49/65 MP: 6/10
  6983 | D:8      | Reached skill level 5 in Dodging
  7145 | D:8      | Noticed Gastronok
  7160 | D:8      | Killed Gastronok
  7161 | D:8      | Reached skill level 5 in Shields
  7596 | D:9      | Reached XP level 11. HP: 58/72 MP: 9/11
  7619 | D:9      | Reached skill level 10 in Fighting
  7746 | D:9      | Found a broken altar of Ashenzari.
  7759 | D:9      | Found a staircase to the Orcish Mines.
  7764 | D:9      | Reached ***** piety under Trog
  8561 | D:9      | Noticed Pikel
  8572 | D:9      | Killed Pikel
  8756 | D:10     | Entered Level 10 of the Dungeon
  8756 | D:10     | Noticed Joseph
  8775 | D:10     | Killed Joseph
  8776 | D:10     | Reached skill level 10 in Armour
  8910 | D:10     | Noticed Erica
  8973 | D:10     | Killed Erica
  9189 | D:10     | Identified the +1 ring mail of a treasure trove {Str+5
                  | Stlth-}
  9594 | D:11     | Noticed Amaemon
  9594 | D:11     | Noticed a two-headed ogre
  9594 | D:11     | Noticed a manticore
  9614 | D:11     | Killed Amaemon
  9618 | D:11     | Killed a manticore
  9620 | D:11     | Killed a two-headed ogre
  9621 | D:11     | Reached skill level 10 in Maces & Flails
  9621 | D:11     | Reached XP level 12. HP: 80/80 MP: 10/12
 10002 | D:11     | Found a staircase to the Lair.
 10155 | D:11     | Noticed Grum
 10175 | D:11     | Killed Grum
 10178 | D:11     | Identified the +0 ring mail "Tum Itier" {rF- Regen+ SInv}
 10447 | D:11     | Noticed a two-headed ogre
 10447 | D:11     | Noticed a two-headed ogre
 10455 | D:11     | Killed a two-headed ogre
 10462 | D:11     | Killed a two-headed ogre
 10591 | D:11     | Noticed Josephine
 10599 | D:11     | Killed Josephine
 11289 | D:12     | Found Feyhuh Fyti's Pet Rocks.
 11464 | D:12     | Noticed a boulder beetle
 11489 | D:12     | Killed a boulder beetle
 11670 | D:12     | Noticed a soul eater
 12011 | Gauntlet | Identified the "Bim Rirr"
 12014 | D:13     | Noticed Azrael
 12031 | D:13     | Killed Azrael
 12039 | D:13     | Reached XP level 13. HP: 31/86 MP: 4/13
 13500 | D:13     | Noticed a vault guard
 13512 | D:13     | Killed a vault guard
 13519 | D:13     | Reached skill level 1 in Long Blades
 13653 | D:13     | Found a gate to the Vaults.
 13826 | D:13     | Gained mutation: You are frail. (-10% HP) [potion of
                  | mutation]
 13826 | D:13     | Gained mutation: You are strong-willed. (Will+) [potion of
                  | mutation]
 13868 | D:14     | Found Ciaqaut's Distillery.
 13980 | D:14     | Reached skill level 10 in Shields
 14377 | D:14     | Slain by a slime creature

Illustrated notes

Levels and vault maps discovered:
D:1:      lemuel_arrival_river_ford, layout_loops_ring,
          dreamdust_princess_corridor, lexackson_kobold_supper
D:2:      layout_rooms
D:3:      layout_loops_cross, serial_shops, shop, shop, nicolae_square_shop,
          nicolae_shop_industrial_runoff, hex_medium, hangedman_decor_lopped
D:4:      layout_cave_pools, mainiacjoe_overflow_alcove_3,
          minmay_temple_entry_large_hall, corner_web_ring
D:5:      layout_gridville, kennysheep_cluttered_room
D:6:      layout_loops_ring, grunt_qazlal_clouds, serial_shops, shop,
          uniq_eustachio, uniq_grinder
D:7:      layout_basic, hex_large
D:8:      layout_basic, uniq_gastronok
D:9:      layout_basic, old_standard_altar, david_orc_2, uniq_pikel
D:10:     layout_small_grid, st_stairs_4, uniq_erica, uniq_joseph
D:11:     layout_roguey, erik_lair_dragon, uniq_amaemon, uniq_grum,
          uniq_josephine
D:12:     kennysheep_spiral_hall, layout_grid_maze, serial_shops,
          kennysheep_mini_moat, minivault_15, guppyfry_shop_earth
D:13:     layout_roguey, hellmonk_vaults_keyhole, gauntlet_entry_generic,
          uniq_azrael
D:14:     layout_roguey, nicolae_wwwww, serial_shops,
          nicolae_shop_industrial_runoff, nicolae_shop_drivethru,
          grunt_ministairs_13

Skill      XL: |  1  2  3  4  5  6  7  8  9 10 11 12 13 |
---------------+----------------------------------------+-----
Armour         | 3 4 5 6 8 9 10 11 12 | 12.6
Dodging        | 2 3 4 5 6 7 |  7.1
Fighting       | 4 5 6 7 8 9 11 12 | 12.9
Maces & Flails | 4 5 6 8 10 11 | 11.8
Shields        | 3 5 7 9 10 | 10.2
Long Blades    | 1 |  1.6

Action                     |  1- 3 |  4- 6 |  7- 9 | 10-12 | 13-15 || total
---------------------------+-------+-------+-------+-------+-------++-------
  Melee: Mace              |   113 |   246 |   158 |       |       ||   517
         Punch             |       |     3 |     6 |       |       ||     9
         Flail             |       |       |   204 |   516 |   251 ||   971
         Scimitar          |       |       |       |       |    15 ||    15
 Invoke: Berserk           |     1 |     1 |     2 |     8 |     3 ||    15
         Trog's Hand       |       |       |       |     4 |     4 ||     8
         Brothers in Arms  |       |       |       |     1 |       ||     1
  Evoke: Wand              |       |       |       |     4 |     3 ||     7
    Use: Scroll            |     2 |     9 |    13 |     2 |     3 ||    29
         Potion            |       |       |       |     3 |     3 ||     6
   Stab: Confused          |       |       |       |     2 |       ||     2
 Armour: Animal skin       |    28 |       |       |       |       ||    28
         Leather armour    |    47 |   125 |       |       |       ||   172
         Chain mail        |       |   154 |   313 |   223 |       ||   690
         Plate armour      |       |       |       |   318 |   337 ||   655
  Dodge: Dodged            |    72 |   201 |   239 |   221 |   109 ||   842
  Block: Kite shield       |       |       |    29 |   293 |   200 ||   522

Table legend: (Time is in decaauts)
 A = Elapsed time spent in this place.
 B = Non-inter-level travel time spent in this place.
 C = Inter-level travel time spent in this place.
 D = Time resting spent in this place.
 E = Time spent auto-exploring this place.
 F = Levels seen in this place.
 G = Mean time per level.
                   A        B        C        D        E       F      G
               +--------+--------+--------+--------+--------+-----+--------+
         Total |  14604 |  14410 |    194 |    983 |  10109 |  14 | 1043.1 |
       Dungeon |  14604 |  14410 |    194 |    983 |  10109 |  14 | 1043.1 |
               +--------+--------+--------+--------+--------+-----+--------+

Top non-repeatable levels by time:
    D:13: 1868 daAuts
    D:11: 1418 daAuts
     D:5: 1271 daAuts
     D:9: 1178 daAuts
     D:1: 1132 daAuts
     D:8: 1059 daAuts
    D:12: 1025 daAuts
     D:6: 968 daAuts
     D:3: 966 daAuts
     D:4: 925 daAuts
    D:10: 856 daAuts
     D:7: 757 daAuts
     D:2: 672 daAuts
    D:14: 503 daAuts
